| TOP OF THE 1ST |
|
Boston (APP) Red Sox batting - Pitching for Cleveland (APP) Indians : LHP Enrique Espinoza
|
|
Pitching: LHP Enrique Espinoza
|
|
|
Batting: RHB Kirk Cully
|
0-0: Ball 1-0: Ball 2-0: Called Strike 2-1: TRIPLE (Line Drive, 78XD, EV 105.6 MPH)
|
|
Batting: RHB Bob Reichley
|
0-0: Swinging Strike 0-1: Called Strike 0-2: Ball 1-2: Ball 2-2: Foul Ball, location: 2F 2-2: Strikes out swinging
|
|
Batting: RHB Felix Rangel
|
0-0: Ball 1-0: Foul Ball, location: 2F 1-1: Swinging Strike 1-2: Ball 2-2: Strikes out looking
|
|
Batting: SHB Matsudaira Ikeda
|
0-0: Called Strike 0-1: Called Strike 0-2: Ball 1-2: Ball 2-2: Ball 3-2: Fly out, F8 (Line Drive, 8RD, EV 89.4 MPH)
|
| Top of the 1st over - 0 runs, 1 hit, 0 errors, 1 left on base; Boston (APP) 0 - Cleveland (APP) 0 |
| BOTTOM OF THE 1ST |
|
Cleveland (APP) Indians batting - Pitching for Boston (APP) Red Sox : LHP Ryan Davis
|
|
Pitching: LHP Ryan Davis
|
|
|
Batting: SHB Jack Tierney
|
0-0: Called Strike 0-1: Ball 1-1: Ball 2-1: Foul Ball, location: 2F 2-2: Foul Ball, location: 2F 2-2: Foul Ball, location: 2F 2-2: Foul Ball, location: 2F 2-2: Fly out, F9 (Flyball, 9D, EV 93.8 MPH)
|
|
Batting: RHB Makoto Narita
|
0-0: Ball 1-0: Ball 2-0: Ball 3-0: Base on Balls
|
|
Batting: RHB Quan Tai
|
0-0: Called Strike 0-1: Swinging Strike 0-2: Ball 1-2: Strikes out swinging
|
|
Batting: RHB Luke Burnham
|
0-0: Called Strike 0-1: Foul Ball, location: 2F 0-2: Ball 1-2: Strikes out looking
|
| Bottom of the 1st over - 0 runs, 0 hits, 0 errors, 1 left on base; Boston (APP) 0 - Cleveland (APP) 0 |
| TOP OF THE 2ND |
|
Boston (APP) Red Sox batting - Pitching for Cleveland (APP) Indians : LHP Enrique Espinoza
|
|
Batting: RHB Eric Kent
|
0-0: Ball 1-0: SINGLE (Groundball, 6MD, EV 108.1 MPH)
|
|
Batting: RHB Estevan Carrillo
|
0-0: Called Strike 0-1: Foul Ball, location: 2F 0-2: Foul Ball, location: 2F 0-2: Strikes out swinging
|
|
Batting: RHB Ryan Davis
|
0-0: Fielders Choice at 2nd, 6-4 (Groundball, 6, EV 96.9 MPH)
|
|
Batting: RHB Wayne Whimster
|
0-0: Swinging Strike 0-1: Ground out 4-3 (Groundball, 34S, EV 83.8 MPH)
|
| Top of the 2nd over - 0 runs, 1 hit, 0 errors, 1 left on base; Boston (APP) 0 - Cleveland (APP) 0 |
| BOTTOM OF THE 2ND |
|
Cleveland (APP) Indians batting - Pitching for Boston (APP) Red Sox : LHP Ryan Davis
|
|
Batting: RHB Xavier Bartolani
|
0-0: Called Strike 0-1: Ground out 6-3 (Groundball, 6, EV 95.0 MPH)
|
|
Batting: RHB Russ Kennett
|
0-0: Foul Ball, location: 2F 0-1: Ball 1-1: Swinging Strike 1-2: Strikes out swinging
|
|
Batting: RHB Jose Rodriguez
|
0-0: Called Strike 0-1: Ground out 6-3 (Groundball, 6, EV 86.9 MPH)
|
| Bottom of the 2nd over - 0 runs, 0 hits, 0 errors, 0 left on base; Boston (APP) 0 - Cleveland (APP) 0 |
| TOP OF THE 3RD |
|
Boston (APP) Red Sox batting - Pitching for Cleveland (APP) Indians : LHP Enrique Espinoza
|
|
Batting: RHB Luis Nino
|
0-0: Ball 1-0: Called Strike 1-1: Called Strike 1-2: Ball 2-2: Ground out 6-3 (Groundball, 6, EV 81.9 MPH)
|
|
Batting: RHB Kirk Cully
|
0-0: Ball 1-0: Swinging Strike 1-1: Swinging Strike 1-2: Foul Ball, location: 2F 1-2: Ball 2-2: Strikes out looking
|
|
Batting: RHB Bob Reichley
|
0-0: Ball 1-0: Ball 2-0: Foul Ball, location: 2F 2-1: Called Strike 2-2: Ball 3-2: Foul Ball, location: 2F 3-2: Strikes out looking
|
| Top of the 3rd over - 0 runs, 0 hits, 0 errors, 0 left on base; Boston (APP) 0 - Cleveland (APP) 0 |
| BOTTOM OF THE 3RD |
|
Cleveland (APP) Indians batting - Pitching for Boston (APP) Red Sox : LHP Ryan Davis
|
|
Batting: SHB Luis de Leon
|
0-0: Ball 1-0: Fly out, F9 (Line Drive, 9S, EV 111.2 MPH)
|
|
Batting: RHB Cruz Castro
|
0-0: Ball 1-0: Called Strike 1-1: Swinging Strike 1-2: Foul Ball, location: 2F 1-2: Ball 2-2: Ball 3-2: Strikes out looking
|
|
Batting: SHB Jack Tierney
|
0-0: Ball 1-0: Called Strike 1-1: Foul Ball, location: 2F 1-2: Ball 2-2: Ground out 6-3 (Groundball, 6, EV 80.0 MPH)
|
| Bottom of the 3rd over - 0 runs, 0 hits, 0 errors, 0 left on base; Boston (APP) 0 - Cleveland (APP) 0 |
| TOP OF THE 4TH |
|
Boston (APP) Red Sox batting - Pitching for Cleveland (APP) Indians : LHP Enrique Espinoza
|
|
Batting: RHB Felix Rangel
|
0-0: Ball 1-0: Hit by Pitch
|
|
Batting: SHB Matsudaira Ikeda
|
0-0: SINGLE (Line Drive, 3D, EV 100.6 MPH) Felix Rangel to second
|
|
Batting: RHB Eric Kent
|
0-0: Called Strike 0-1: Ball Wild Pitch! Felix Rangel to third Matsudaira Ikeda to second 1-1: DOUBLE (Line Drive, 9LS, EV 111.9 MPH) Felix Rangel scores Matsudaira Ikeda scores
|
|
Batting: RHB Estevan Carrillo
|
0-0: Ground out 4-3 (Groundball, 4, EV 112.5 MPH) Eric Kent to third
|
|
Batting: RHB Ryan Davis
|
0-0: Ball 1-0: Foul Ball, location: 2F 1-1: Ball 2-1: Called Strike 2-2: Foul Ball, location: 2F 2-2: Strikes out swinging
|
|
Batting: RHB Wayne Whimster
|
0-0: Ball 1-0: Ball 2-0: Called Strike 2-1: Foul Ball, location: 2F 2-2: Foul Ball, location: 2F 2-2: Strikes out looking
|
| Top of the 4th over - 2 runs, 2 hits, 0 errors, 1 left on base; Boston (APP) 2 - Cleveland (APP) 0 |
| BOTTOM OF THE 4TH |
|
Cleveland (APP) Indians batting - Pitching for Boston (APP) Red Sox : LHP Ryan Davis
|
|
Batting: RHB Makoto Narita
|
0-0: Foul Ball, location: 2F 0-1: Ball 1-1: Ball 2-1: SINGLE (Groundball, 6S, EV 71.9 MPH) (infield hit)
|
|
Batting: RHB Quan Tai
|
0-0: Ball 1-0: Ball 2-0: Called Strike 2-1: Foul Ball, location: 2F 2-2: Ball 3-2: Base on Balls Makoto Narita to second
|
|
Batting: RHB Luke Burnham
|
0-0: Ball 1-0: Fly out, F8 (Flyball, 8RD, EV 101.9 MPH)
|
|
Batting: RHB Xavier Bartolani
|
0-0: Ball 1-0: Ball 2-0: Called Strike 2-1: Foul Ball, location: 2F 2-2: Ball 3-2: Ground out 5-3 (Groundball, 56S, EV 65.6 MPH) Makoto Narita to third Quan Tai to second
|
|
Batting: RHB Russ Kennett
|
0-0: Ground out 6-3 (Groundball, 56D, EV 98.8 MPH)
|
| Bottom of the 4th over - 0 runs, 1 hit, 0 errors, 2 left on base; Boston (APP) 2 - Cleveland (APP) 0 |
| TOP OF THE 5TH |
|
Boston (APP) Red Sox batting - Pitching for Cleveland (APP) Indians : LHP Enrique Espinoza
|
|
Batting: RHB Luis Nino
|
0-0: Swinging Strike 0-1: Called Strike 0-2: Ball 1-2: Strikes out swinging
|
|
Batting: RHB Kirk Cully
|
0-0: Called Strike 0-1: Swinging Strike 0-2: Strikes out swinging, 2-3 out at first.
|
|
Batting: RHB Bob Reichley
|
0-0: Foul Ball, location: 2F 0-1: Ground out 6-3 (Groundball, 6M, EV 101.9 MPH)
|
| Top of the 5th over - 0 runs, 0 hits, 0 errors, 0 left on base; Boston (APP) 2 - Cleveland (APP) 0 |
| BOTTOM OF THE 5TH |
|
Cleveland (APP) Indians batting - Pitching for Boston (APP) Red Sox : LHP Ryan Davis
|
|
Batting: RHB Jose Rodriguez
|
0-0: Called Strike 0-1: Foul Ball, location: 2F 0-2: Ball 1-2: Ball 2-2: Ground out 6-3 (Groundball, 6, EV 101.9 MPH)
|
|
Batting: SHB Luis de Leon
|
0-0: Foul Ball, location: 2F 0-1: Ball 1-1: Ball 2-1: Called Strike 2-2: Ground out 6-3 (Groundball, 4M, EV 86.9 MPH)
|
|
Batting: RHB Cruz Castro
|
0-0: Ground out 4-3 (Groundball, 4, EV 111.9 MPH)
|
| Bottom of the 5th over - 0 runs, 0 hits, 0 errors, 0 left on base; Boston (APP) 2 - Cleveland (APP) 0 |
| TOP OF THE 6TH |
|
Boston (APP) Red Sox batting - Pitching for Cleveland (APP) Indians : LHP Enrique Espinoza
|
|
Batting: RHB Felix Rangel
|
0-0: Ball 1-0: Called Strike 1-1: Fly out, F6 (Popup, 6MD, EV 41.9 MPH)
|
|
Batting: SHB Matsudaira Ikeda
|
0-0: Ball 1-0: Foul Ball, location: 2F 1-1: Ball 2-1: Swinging Strike 2-2: Strikes out swinging
|
|
Batting: RHB Eric Kent
|
0-0: Ball 1-0: Fly out, F9 (Line Drive, 9LS, EV 98.8 MPH)
|
| Top of the 6th over - 0 runs, 0 hits, 0 errors, 0 left on base; Boston (APP) 2 - Cleveland (APP) 0 |
| BOTTOM OF THE 6TH |
|
Cleveland (APP) Indians batting - Pitching for Boston (APP) Red Sox : LHP Ryan Davis
|
|
Batting: SHB Jack Tierney
|
0-0: SINGLE (Groundball, 25, EV 66.2 MPH) (infield hit)
|
|
Batting: RHB Makoto Narita
|
0-0: Called Strike 0-1: Swinging Strike 0-2: Foul Ball, location: 2F 0-2: Ball 1-2: Strikes out swinging
|
|
Batting: RHB Quan Tai
|
0-0: Ball 1-0: Ball 2-0: Called Strike 2-1: Swinging Strike 2-2: Strikes out swinging
|
|
Pitching: RHP Seb Lightfoot
|
|
|
Pinch Hitting: LHB Mesfin Azagba
|
0-0: Swinging Strike 0-1: Swinging Strike 0-2: Ball 1-2: Foul Ball, location: 2F 1-2: Strikes out swinging
|
| Bottom of the 6th over - 0 runs, 1 hit, 0 errors, 1 left on base; Boston (APP) 2 - Cleveland (APP) 0 |
| TOP OF THE 7TH |
|
Boston (APP) Red Sox batting - Pitching for Cleveland (APP) Indians : LHP Enrique Espinoza
|
|
Pitching: LHP Eduardo Alvarez
|
|
|
Now at 3B: Mesfin Azagba
|
|
|
Batting: RHB Estevan Carrillo
|
0-0: Called Strike 0-1: Ball 1-1: Ball 2-1: Ground out U3 (Groundball, 34, EV 84.4 MPH)
|
|
Batting: RHB Ryan Davis
|
0-0: Called Strike 0-1: Fly out, F8 (Flyball, 89M, EV 93.8 MPH)
|
|
Batting: RHB Wayne Whimster
|
0-0: Called Strike 0-1: Called Strike 0-2: Ball 1-2: Foul Ball, location: 2F 1-2: Ball 2-2: Strikes out swinging
|
| Top of the 7th over - 0 runs, 0 hits, 0 errors, 0 left on base; Boston (APP) 2 - Cleveland (APP) 0 |
| BOTTOM OF THE 7TH |
|
Cleveland (APP) Indians batting - Pitching for Boston (APP) Red Sox : RHP Seb Lightfoot
|
|
Batting: RHB Xavier Bartolani
|
0-0: Ground out 4-3 (Groundball, 4M, EV 105.0 MPH)
|
|
Pinch Hitting: LHB Mario Garza
|
0-0: Ball 1-0: Ball 2-0: SINGLE (Groundball, 5S, EV 68.8 MPH) (infield hit)
|
|
Batting: RHB Jose Rodriguez
|
0-0: Called Strike 0-1: Ball Mario Garza steals 2nd base 1-1: Fly out, F9 (Flyball, 89M, EV 91.2 MPH)
|
|
Pinch Hitting: RHB Justin Teague
|
0-0: Ball 1-0: Ball 2-0: Swinging Strike 2-1: Foul Ball, location: 2F 2-2: Ground out 6-3 (Groundball, 6M, EV 103.1 MPH)
|
| Bottom of the 7th over - 0 runs, 1 hit, 0 errors, 1 left on base; Boston (APP) 2 - Cleveland (APP) 0 |
| TOP OF THE 8TH |
|
Boston (APP) Red Sox batting - Pitching for Cleveland (APP) Indians : LHP Eduardo Alvarez
|
|
Now at 1B: Kevin Trull
|
|
|
Now in LF: Mario Garza
|
|
|
Now in RF: Jack Tierney
|
|
|
Batting: RHB Luis Nino
|
0-0: Foul Ball, location: 2F 0-1: Called Strike 0-2: Fly out, F9 (Flyball, 9S, EV 81.2 MPH)
|
|
Batting: RHB Kirk Cully
|
0-0: Ball 1-0: Called Strike 1-1: Ball 2-1: Fly out, F6 (Popup, 6, EV 66.9 MPH)
|
|
Batting: RHB Bob Reichley
|
0-0: Ball 1-0: Fly out, F9 (Flyball, 9LMF, EV 85.0 MPH)
|
| Top of the 8th over - 0 runs, 0 hits, 0 errors, 0 left on base; Boston (APP) 2 - Cleveland (APP) 0 |
| BOTTOM OF THE 8TH |
|
Cleveland (APP) Indians batting - Pitching for Boston (APP) Red Sox : RHP Seb Lightfoot
|
|
Batting: RHB Cruz Castro
|
0-0: Ground out 5-3 (Groundball, 56, EV 108.8 MPH)
|
|
Batting: SHB Jack Tierney
|
0-0: Foul Ball, location: 2F 0-1: Swinging Strike 0-2: Foul Ball, location: 2F 0-2: Ball 1-2: Ball 2-2: Ball 3-2: Base on Balls
|
|
Batting: RHB Makoto Narita
|
0-0: Called Strike 0-1: Ball 1-1: Ball 2-1: Foul Ball, location: 2F 2-2: Grounds into double play, 6-4-3 (Groundball, 6, EV 106.9 MPH)
|
| Bottom of the 8th over - 0 runs, 0 hits, 0 errors, 0 left on base; Boston (APP) 2 - Cleveland (APP) 0 |
| TOP OF THE 9TH |
|
Boston (APP) Red Sox batting - Pitching for Cleveland (APP) Indians : LHP Eduardo Alvarez
|
|
Batting: RHB Felix Rangel
|
0-0: Ground out 5-3 (Groundball, 5, EV 82.5 MPH)
|
|
Batting: SHB Matsudaira Ikeda
|
0-0: Foul Ball, location: 2F 0-1: Ball 1-1: Called Strike 1-2: Fly out, F7 (Flyball, 7LS, EV 90.0 MPH)
|
|
Batting: RHB Eric Kent
|
0-0: Called Strike 0-1: Called Strike 0-2: Ball 1-2: Strikes out swinging
|
| Top of the 9th over - 0 runs, 0 hits, 0 errors, 0 left on base; Boston (APP) 2 - Cleveland (APP) 0 |
| BOTTOM OF THE 9TH |
|
Cleveland (APP) Indians batting - Pitching for Boston (APP) Red Sox : RHP Seb Lightfoot
|
|
Pitching: RHP Jose Duran
|
|
|
Batting: RHB Quan Tai
|
0-0: Ball 1-0: Ball 2-0: Ball 3-0: Called Strike 3-1: Base on Balls
|
|
Batting: LHB Mesfin Azagba
|
0-0: SINGLE (Groundball, 34D, EV 103.8 MPH) Quan Tai to second
|
|
Pinch Hitting: LHB Justin Eargle
|
0-0: Ball 1-0: Foul Ball, location: 2F 1-1: Swinging Strike 1-2: Ball 2-2: Strikes out looking
|
|
Batting: LHB Mario Garza
|
0-0: Ball 1-0: Foul Ball, location: 2F 1-1: Ball 2-1: Ball 3-1: Foul Ball, location: 2F 3-2: Base on Balls Quan Tai to third Mesfin Azagba to second
|
|
Pinch Hitting: SHB Jay Rook
|
0-0: Ball 1-0: Ball 2-0: Swinging Strike 2-1: Called Strike 2-2: Strikes out swinging
|
|
Batting: RHB Kevin Trull
|
0-0: Ball 1-0: Called Strike 1-1: Ball 2-1: Foul Ball, location: 2F 2-2: Fielders Choice at 2nd, 6-4 (Groundball, 6, EV 99.4 MPH)
|
| Bottom of the 9th over - 0 runs, 1 hit, 0 errors, 3 left on base; Boston (APP) 2 - Cleveland (APP) 0 |
|